Map: Ever Dream LE

Players

uwuThermal (uThermal) - Winner!

  • Race: Terran Terran
  • League: Grandmaster
  • Spawn Location: 1:00

GOStephano (Stephano)

  • Race: Zerg Zerg
  • League: Grandmaster
  • Spawn Location: 7:00

Event: DreamHack SC2 Masters 2020 Fall

VOD

Have the link to the VOD?

Description

Time

  • Played on: Sept. 9, 2020, 4:50 p.m.
  • Length: 33:12

All games in this series

Show
View Real Time Build Order
Export as new Build Order

uwuThermal Terran - Winner!

Build Orders: Reaper Expand, Hellion Banshee 

Get SALT Encoding   

  12  0:00  SCV  
  13  0:12  SCV  
  14  0:17  Supply Depot  
  14  0:24  SCV  
  15  0:38  SCV  
  15  0:40  Barracks  
  16  0:43  Refinery  
  16  0:50  SCV  
  17  1:03  SCV  
  18  1:15  SCV  
  19  1:27  Orbital Command, Reaper  
  20  1:39  Command Center  
  20  1:47  Supply Depot  
  20  1:53  SCV  
  21  1:59  Marine  
  22  2:05  SCV  
  22  2:08  Factory  
  23  2:12  Refinery  
  23  2:17  SCV  
  23  2:20  Barracks Reactor  
  24  2:29  SCV  
  25  2:41  SCV  
  26  2:53  Orbital Command  
  26  2:54  Starport, SCV  
  27  3:01  Hellion x2  
  27  3:05  Barracks Tech Lab  
  31  3:06  SCV  
  31  3:12  Supply Depot  
  32  3:18  SCV x2  
  34  3:22  Hellion x2  
  38  3:31  SCV x2  
  40  3:35  Cloaking Field  
  40  3:36  Banshee  
  43  3:43  SCV x2  
  43  3:46  Hellion  
  43  3:48  Hellion  
  49  3:52  Supply Depot  
  49  3:55  SCV x2  
  51  4:10  Command Center  
  51  4:11  Barracks Tech Lab  
  51  4:12  SCV  
  51  4:13  SCV  
  53  4:18  Banshee, Factory Reactor  
  56  4:25  SCV x2  
  56  4:28  Supply Depot  
  56  4:30  Stimpack, Marine  
  60  4:38  SCV  
  60  4:40  Barracks  
  60  4:41  SCV  
  60  4:43  Barracks  
  61  4:48  Marine  
  61  4:52  Engineering Bay  
  62  4:53  Engineering Bay, SCV  
  63  5:00  Refinery  
  63  5:06  SCV x2  
  65  5:10  Barracks  
  65  5:11  Barracks  
  65  5:12  Siege Tank  
  68  5:14  Marine  
  68  5:16  Starport Reactor  
  68  5:18  SCV  
  70  5:23  Orbital Command  
  70  5:26  Refinery  
  70  5:27  Terran Infantry Weapons Level 1  
  70  5:29  Terran Infantry Armor Level 1  
  70  5:31  SCV x2  
  70  5:33  Marine  
  70  5:34  Marine  
  74  5:38  Marine x2  
  76  5:43  SCV x2  
  76  5:44  Supply Depot  
  76  5:45  Marine  
  76  5:47  Orbital Command  
  79  5:51  Siege Tank  
  79  5:54  Marine  
  79  5:56  SCV  
  84  5:57  Marine  
  84  6:03  SCV, Marine  
  84  6:05  Marine  
  84  6:06  Medivac  
  84  6:08  SCV  
  84  6:10  Barracks Reactor x2  
  88  6:14  Marine x2  
  88  6:15  Medivac, Supply Depot  
  88  6:16  SCV, Supply Depot  
  93  6:24  Combat Shield, Supply Depot  
  93  6:33  Supply Depot  
  93  6:36  Marine x3  
  93  6:37  Siege Tank, SCV x2  
  93  6:38  SCV  
  93  6:39  Marine  
  103  6:41  Marine  
  104  6:49  Armory, SCV x2  
  104  6:50  SCV  
  104  6:52  Marine x2  
  109  6:54  Marine x4  
  109  6:55  Marine  
  109  6:57  Medivac, Supply Depot  
  109  7:01  SCV x2  
  118  7:02  SCV  
  118  7:03  Medivac  
  118  7:04  Marine x2  
  123  7:12  Marine  
  123  7:15  Barracks  
  120  7:16  Barracks  
  120  7:19  Barracks, Marine x3  
  120  7:22  SCV  
  120  7:28  Marine  
  120  7:29  Marine  
  124  7:32  SCV  
  124  7:33  Marine  
  124  7:35  Marine  
  124  7:36  Supply Depot  
  127  7:39  Marine x2  
  127  7:41  Marine  
  127  7:43  Terran Infantry Weapons Level 2  
  123  7:56  Terran Infantry Armor Level 2, Marine  
  123  7:57  Marine x3  
  123  7:58  SCV, Marine x2  
  110  7:59  Marine  
  110  8:01  SCV  
  110  8:03  Siege Tank  
  110  8:05  SCV  
  112  8:08  Marine  
  112  8:10  SCV  
  112  8:11  Marine  
  115  8:13  SCV, Marine  
  115  8:16  Marine x5  
  115  8:17  Marine  
  115  8:18  Marine  
  124  8:22  Terran Vehicle Weapons Level 1  
  124  8:24  Marine  
  124  8:25  Supply Depot  
  125  8:30  Missile Turret, Marine x2  
  125  8:32  Marine  
  125  8:33  Missile Turret  
  128  8:36  Siege Tank  
  128  8:37  Marine  
  128  8:38  Marine x2  
  134  8:41  Medivac  
  136  8:50  Marine x2  
  136  8:52  Marine x2  
  136  8:53  Supply Depot  
  140  8:58  Marine  
  140  9:00  Marine x3  
  140  9:01  Supply Depot, Marine x3  
  148  9:08  Marine  
  149  9:14  Medivac, Marine x3  
  149  9:15  Siege Tank, Supply Depot  
  157  9:17  Marine  
  157  9:19  Supply Depot  
  157  9:21  Command Center  
  157  9:27  Marine x2  
  157  9:29  Marine x2  
  159  9:31  Medivac, Marine x2  
  159  9:32  Marine  
  164  9:40  Marine  
  164  9:43  Marine  
  161  9:47  Siege Tank  
  161  9:50  Marine  
  165  9:56  Marine x3  
  165  9:58  Marine  
  169  10:02  Barracks Tech Lab x3  
  169  10:08  Command Center  
  169  10:09  Marine  
  169  10:20  Marine x4  
  169  10:21  Siege Tank, Marauder  
  178  10:23  Marine  
  178  10:24  Medivac, Refinery, Command Center  
  178  10:25  Refinery  
  181  10:29  Supply Depot  
  181  10:32  Medivac, Marine  
  181  10:34  Marine  
  185  10:37  Marine  
  183  10:45  Marine  
  177  10:54  Medivac  
  177  10:56  SCV  
  170  10:58  Marauder, Marine  
  170  10:59  SCV, Marauder x2  
  170  11:00  SCV  
  170  11:02  Marine x2  
  170  11:03  Marauder  
  170  11:04  Marine x2  
  185  11:13  Marine  
  185  11:17  SCV  
  185  11:18  Marine x2  
  187  11:20  Marauder x2  
  191  11:30  Medivac, Marine x4  
  191  11:31  Marine  
  176  11:42  Concussive Shells  
  176  11:49  Terran Infantry Weapons Level 3, Marine  
  176  11:50  Marine  
  160  12:01  Siege Tank  
  160  12:05  Medivac  
  160  12:08  Marine x6  
  136  12:14  Medivac, Marine  
  144  12:17  Marine  
  138  12:35  Medivac, Marine  
  141  12:39  Marine  
  141  12:40  Marauder  
  144  12:44  SCV x2  
  144  12:49  Siege Tank  
  144  12:50  Marine  
  150  12:55  Medivac, Marine x2  
  150  12:56  Marine  
  150  12:57  Marine  
  154  12:59  Marine  
  155  13:09  Marauder, Marine  
  138  13:21  Siege Tank  
  133  13:28  Planetary Fortress  
  133  13:31  Marine  
  133  13:32  Marauder  
  134  13:37  Marine  
  128  13:41  SCV  
  128  13:45  Orbital Command  
  128  13:46  SCV  
  130  14:02  SCV, Marine  
  124  14:09  Orbital Command  
  120  14:11  Orbital Command, SCV  
  120  14:14  SCV  
  120  14:16  Marauder  
  125  14:21  SCV, Marine  
  125  14:22  Marauder  
  119  14:27  Marauder, Marine  
  119  14:28  Marine  
  119  14:29  SCV  
  116  14:32  Marine  
  116  14:36  SCV x2  
  116  14:37  SCV  
  120  14:41  Marine x2  
  120  14:42  Marauder  
  120  14:43  Factory Reactor, SCV  
  120  14:44  SCV  
  126  14:47  Marauder, Marine  
  126  14:48  SCV  
  126  14:51  SCV x2  
  132  14:53  Marauder  
  132  14:55  Marauder, SCV  
  132  14:56  Marine  
  132  14:58  SCV  
  139  15:02  Marine  
  139  15:03  Marauder, Marine  
  139  15:06  SCV  
  144  15:08  Marauder, Marine  
  144  15:14  Marine x2  
  142  15:15  Marauder  
  142  15:16  Medivac  
  142  15:17  Marauder, Marine  
  143  15:22  Marine x2  
  143  15:24  SCV x2  
  143  15:25  Marauder, Marine x2  
  151  15:30  Marauder  
  150  15:36  Marauder, Marine x2  
  150  15:38  Marauder  
  150  15:40  Medivac, Marine  
  153  15:46  Medivac, Marauder, Marine x3  
  153  15:48  Unknown  
  154  15:51  Marine  
  154  15:53  SCV  
  153  15:59  Missile Turret  
  153  16:10  Marauder, Marine x2  
  152  16:11  Marine  
  152  16:13  Marine  
  154  16:19  Widow Mine  
  154  16:20  SCV  
  154  16:21  SCV  
  154  16:24  Marine  
  159  16:28  SCV  
  159  16:29  SCV  
  159  16:31  Marine  
  162  16:36  Marine  
  162  16:37  Orbital Command, Marauder  
  165  16:42  Marine  
  165  16:43  Marauder  
  165  16:46  Widow Mine  
  160  16:48  Widow Mine  
  162  17:01  Marauder x2, Marine x2  
  161  17:04  Medivac  
  161  17:11  Marauder, Marine  
  161  17:15  Marine  
  164  17:26  Marauder, Marine  
  164  17:29  Medivac  
  164  17:34  Medivac  
  164  17:35  Marine  
  165  17:37  Marine  
  165  17:40  Marine  
  167  17:47  Marine x2  
  167  17:48  Widow Mine  
  167  17:49  Widow Mine  
  167  17:50  Marine x2  
  175  17:52  Marine  
  175  17:54  SCV x3  
  176  18:07  Marauder, Marine  
  176  18:10  Marine  
  176  18:12  Marauder, Marine x2  
  184  18:16  Marine x2  
  184  18:17  Marauder, Marine x3  
  189  18:24  Marine  
  190  18:28  Marine x2  
  190  18:29  Marine  
  190  18:30  Marine  
  190  18:33  Marine  
  193  18:34  Marine x4  
  193  18:36  SCV  
  193  18:38  Marauder  
  168  18:56  Marine x3  
  169  19:07  Marine x7  
  169  19:08  Widow Mine, Marine  
  169  19:09  Marauder  
  177  19:10  SCV  
  177  19:14  Marine  
  179  19:18  Marine x2  
  179  19:23  Command Center  
  181  19:25  Marine x2  
  181  19:26  Widow Mine, Marauder  
  181  19:30  Widow Mine  
  187  19:39  Marine  
  187  19:45  Marauder x2, Marine  
  188  19:52  Medivac  
  180  19:54  Marine x3  
  180  19:56  Marine  
  184  20:01  Medivac, Marine  
  185  20:09  Supply Depot  
  185  20:11  Marine  
  185  20:12  Marauder  
  188  20:30  Marine  
  188  20:31  Medivac, Marauder x2, Marine x3  
  188  20:33  Marine  
  196  20:36  Marine  
  196  20:46  Marine  
  196  20:48  Marine  
  196  20:49  Marine  
  196  20:53  Marauder  
  196  20:55  Marauder, Marine  
  194  21:01  Medivac x2  
  196  21:13  Marine  
  196  21:14  Marauder  
  196  21:18  Marine x2  
  198  21:24  Widow Mine  
  195  21:31  Medivac  
  193  21:37  Widow Mine, Marine x2  
  193  21:38  Marauder  
  199  21:52  Marine  
  189  22:05  Command Center  
  185  22:08  Missile Turret  
  185  22:32  Planetary Fortress  
  185  22:34  Medivac  
  185  22:36  Medivac  
  189  22:39  Marauder, Marine  
  189  22:43  Marauder, Marine  
  195  22:46  Widow Mine x2  
  195  22:47  Marine  
  195  23:00  Marauder x2  
  195  23:02  Marauder, Marine  
  195  23:05  Medivac  
  156  23:06  Marine  
  152  23:19  Marauder, Marine  
  149  23:23  Marauder x2  
  149  23:24  Marauder  
  149  23:26  Widow Mine  
  148  23:31  Marine  
  148  23:35  Marine  
  148  23:40  Marauder  
  147  23:49  Medivac x2, Marine  
  147  23:53  SCV  
  147  23:54  Marine x2  
  155  23:57  Missile Turret, Marine  
  155  24:00  Marine  
  157  24:05  Marine  
  157  24:06  Marauder  
  139  24:19  Medivac  
  139  24:21  Marauder  
  124  24:25  Marine x2  
  95  24:40  Marine  
  95  24:41  Marauder x2  
  85  24:51  Marine  
  79  25:00  Medivac  
  79  25:05  Marauder, Marine  
  82  25:07  Marine  
  83  25:16  Marauder, Marine  
  77  25:24  Widow Mine  
  79  25:29  Planetary Fortress  
  79  25:30  SCV x2  
  79  25:34  SCV  
  78  25:37  Marine  
  78  25:39  Marine  
  74  25:43  Marauder, Marine  
  74  25:45  Marine  
  74  25:48  Widow Mine  
  82  25:50  Marauder  
  82  25:52  Marine  
  82  25:57  Marauder, Marine x2  
  83  25:59  SCV  
  83  26:00  SCV  
  83  26:02  Marauder  
  91  26:04  SCV  
  91  26:05  SCV  
  91  26:08  Marauder  
  91  26:09  SCV  
  96  26:14  Missile Turret  
  96  26:15  Marauder  
  98  26:18  Marine  
  98  26:19  Marauder  
  98  26:20  Marine  
  98  26:23  Widow Mine x2, Marine  
  98  26:24  Marine  
  108  26:28  Marauder, Marine  
  108  26:30  Medivac  
  113  26:36  Marauder, Marine x2  
  113  26:38  Marine x2  
  119  26:41  Marine  
  119  26:42  Marauder  
  119  26:44  Marine x2  
  124  26:58  Marine x2  
  124  26:59  Marine x3  
  131  27:01  Marine  
  131  27:02  Refinery  
  131  27:07  Command Center  
  130  27:09  Marine x2  
  130  27:10  Marauder  
  126  27:21  Marauder x2, Marine x2  
  124  27:32  SCV  
  124  27:33  SCV  
  124  27:35  Command Center  
  124  27:36  Marine  
  125  27:44  Marauder, Marine x2  
  125  27:45  Marauder  
  125  27:48  SCV  
  125  27:50  Marauder  
  129  28:00  Medivac  
  99  28:08  Marine  
  99  28:09  Marauder  
  101  28:16  Medivac  
  101  28:17  Marine x2  
  101  28:18  Marine x5  
  110  28:21  Marine  
  110  28:22  Marine  
  110  28:23  Marauder  
  113  28:33  Marine  
  86  28:41  Medivac  
  86  28:44  Marine  
  86  28:45  Marauder, Marine x2  
  86  28:46  Marine  
  92  28:48  Marine  
  92  28:49  Marine x3  
  92  28:50  Widow Mine  
  92  29:05  Marine  
  92  29:07  Marine  
  92  29:08  Widow Mine  
  91  29:11  Medivac, Marine  
  77  29:17  Marine  
  77  29:18  Marine x7  
  77  29:19  Widow Mine  
  77  29:20  Marine  
  77  29:22  Marine  
  82  29:25  SCV, Marine  
  82  29:29  Widow Mine, Marine  
  83  29:35  Orbital Command, Marine x3  
  83  29:36  SCV x2, Marine x3  
  91  29:42  Marine  
  91  29:43  Marauder x2, Marine  
  91  29:44  Widow Mine  
  90  29:46  Marine  
  90  29:47  SCV  
  90  29:48  Marine  
  91  29:53  Orbital Command  
  91  29:55  Marauder, Marine  
  91  29:59  Marine  
  95  30:01  Marauder  
  95  30:04  Marauder x2  
  95  30:06  Marine  
  102  30:07  Marine  
  102  30:16  Marauder, Marine  
  105  30:22  Marauder  
  105  30:27  Marine  
  105  30:28  Marauder  
  103  30:29  Medivac, Marine  
  103  30:30  SCV, Marauder, Marine  
  103  30:33  Marine  
  103  30:35  Widow Mine, Marine x2  
  104  30:39  SCV x2  
  107  30:46  Marauder x2, Marine x2  
  107  30:47  SCV x2, Widow Mine  
  107  30:48  Orbital Command  
  117  30:50  Refinery  
  117  30:54  Marine  
  120  30:57  Widow Mine  
  120  31:02  Marine  
  120  31:03  Marauder  
  119  31:08  Marine x2  
  119  31:09  Marine  
  119  31:10  Marine  
  109  31:17  Marine  
  109  31:18  Marauder  
  112  31:20  Marauder, Marine  
  112  31:24  Orbital Command  
  115  31:26  Marine x2  
  115  31:27  Marauder  
  115  31:32  Marine x2  
  123  31:33  SCV, Marauder  
  123  31:35  Refinery, Marine  
  123  31:37  Refinery  
  123  31:39  Marauder, Marine  
  128  31:41  SCV, Marine  
  128  31:46  Marine x4  
  128  31:47  SCV x2  
  135  31:48  SCV  
  135  31:50  SCV, Marauder  
  135  31:53  Marine  
  139  31:59  SCV  
  139  32:00  SCV x3  
  143  32:03  SCV  
  143  32:06  Medivac  
  143  32:07  Marine  
  147  32:11  SCV  
  148  32:18  Medivac  
  148  32:19  Marauder, Marine x3  
  148  32:20  Marine  
  156  32:32  Marine x7  
  156  32:34  Widow Mine  
  156  32:36  Medivac  
  167  32:39  Marine x2  
  167  32:41  Widow Mine  
Show
View Real Time Build Order
Export as new Build Order

GOStephano Zerg 

Build Orders: Hatch First 

Get SALT Encoding   

  12  0:00  Drone  
  13  0:12  Overlord  
  13  0:17  Drone  
  14  0:30  Drone x2  
  16  0:47  Hatchery  
  15  0:50  Drone  
  15  0:53  Drone  
  17  0:57  Drone  
  18  1:07  Extractor  
  17  1:13  Spawning Pool  
  17  1:16  Drone  
  17  1:21  Drone  
  18  1:28  Drone  
  19  1:39  Drone  
  20  1:50  Drone  
  21  1:59  Queen  
  21  2:00  Queen, Zergling x2  
  21  2:01  Zergling x2  
  27  2:09  Drone  
  27  2:10  Overlord  
  28  2:23  Hatchery  
  28  2:27  Drone  
  28  2:29  Drone  
  29  2:31  Drone  
  30  2:38  Queen  
  30  2:42  Metabolic Boost  
  32  2:46  Drone  
  33  2:53  Overlord  
  33  2:55  Drone  
  33  2:58  Drone x2  
  36  3:12  Drone x2  
  38  3:13  Drone x3  
  38  3:17  Queen  
  38  3:19  Drone  
  44  3:22  Overlord  
  44  3:35  Queen x2  
  44  3:36  Drone x2  
  50  3:41  Zergling x6  
  50  3:44  Drone x2  
  55  3:50  Drone x2  
  55  3:51  Drone  
  55  3:55  Overlord  
  58  3:59  Overlord  
  58  4:04  Lair  
  58  4:07  Drone, Baneling Nest  
  58  4:14  Zergling x6  
  58  4:15  Drone x2  
  63  4:20  Spore Crawler  
  61  4:30  Zergling x8  
  65  4:31  Spore Crawler  
  65  4:32  Spore Crawler  
  65  4:34  Extractor x2  
  65  4:36  Zergling x12  
  68  4:45  Drone x2  
  68  4:49  Drone x2  
  68  4:52  Drone x2  
  73  5:01  Overlord  
  73  5:02  Centrifical Hooks  
  73  5:03  Evolution Chamber  
  73  5:06  Evolution Chamber  
  71  5:07  Drone x2  
  71  5:10  Overlord  
  73  5:14  Overlord  
  73  5:17  Overseer  
  73  5:20  Drone x8  
  81  5:30  Drone  
  82  5:45  Hatchery  
  82  5:47  Zerg Ground Armor Level 1  
  82  5:48  Zerg Melee Weapons Level 1  
  81  5:50  Drone  
  81  5:51  Drone x6  
  81  5:54  Drone x3  
  91  5:58  Baneling  
  91  5:59  Drone x5, Baneling x2  
  96  6:06  Drone  
  96  6:07  Overlord  
  96  6:08  Overlord  
  97  6:12  Extractor x2  
  97  6:17  Overlord  
  95  6:21  Drone x2, Extractor  
  95  6:22  Drone  
  95  6:23  Baneling x2  
  95  6:24  Baneling x3  
  97  6:30  Drone x2  
  99  6:32  Baneling  
  99  6:33  Overlord, Baneling x2  
  99  6:37  Drone x8  
  106  6:42  Infestation Pit  
  105  6:52  Overlord, Hatchery  
  105  6:53  Overlord x2  
  104  6:54  Pneumatized Carapace  
  104  6:56  Zergling x2  
  104  6:57  Zergling x12  
  111  7:01  Zergling x4, Spore Crawler  
  111  7:04  Zergling x4  
  111  7:07  Zergling x6  
  117  7:10  Zergling x2  
  118  7:17  Zergling x6  
  118  7:18  Baneling x14  
  118  7:19  Zergling x2  
  118  7:20  Zergling x2  
  120  7:27  Zergling x16  
  126  7:31  Zergling x8  
  129  7:37  Zergling x2  
  129  7:38  Zergling x6  
  129  7:42  Zergling x2  
  127  7:54  Zergling x20  
  120  8:01  Hive, Zerg Ground Armor Level 2, Zerg Melee Weapons Level 2  
  120  8:02  Drone x4  
  124  8:11  Drone x3  
  127  8:19  Drone x2  
  129  8:24  Hatchery  
  128  8:31  Zergling x2  
  128  8:32  Zergling x12  
  133  8:35  Hatchery  
  131  8:44  Zergling x26  
  144  8:56  Zergling x22  
  144  8:57  Baneling x11  
  153  9:10  Spire  
  152  9:24  Drone x7, Ultralisk Cavern  
  153  9:25  Drone x2  
  153  9:26  Overlord x2  
  153  9:27  Overlord  
  155  9:41  Zergling x22  
  155  9:43  Overlord x2  
  163  9:57  Baneling x7  
  163  9:58  Zergling x32, Baneling x4  
  163  9:59  Zergling x2  
  180  10:10  Chitinous Plating  
  180  10:17  Zergling x30  
  180  10:19  Zerg Ground Armor Level 3, Zerg Melee Weapons Level 3  
  194  10:21  Baneling x13  
  194  10:22  Baneling  
  194  10:28  Zergling x4  
  195  10:32  Overlord  
  189  10:36  Hatchery  
  185  10:44  Ultralisk x2  
  189  10:53  Ultralisk x2  
  199  11:02  Extractor  
  199  11:03  Extractor  
  197  11:15  Adrenal Glands  
  197  11:17  Zerg Flyer Weapons Level 1  
  189  11:29  Ultralisk x3  
  189  11:32  Zergling x28  
  197  11:36  Baneling x7  
  196  11:43  Baneling x3  
  196  11:45  Zergling x2  
  196  11:46  Zergling x2  
  194  11:53  Zergling x2  
  194  11:54  Zergling x14  
  191  11:57  Hatchery  
  191  12:00  Zergling x12  
  183  12:02  Zergling x4  
  167  12:09  Zergling x12  
  167  12:13  Zergling x8  
  172  12:19  Zergling x10  
  172  12:22  Baneling x7  
  172  12:23  Baneling  
  172  12:26  Drone x3  
  174  12:31  Baneling  
  174  12:32  Baneling x8  
  174  12:44  Zergling x22  
  183  13:07  Ultralisk x2  
  182  13:13  Zergling x26  
  182  13:17  Unknown  
  185  13:29  Corruptor x2  
  185  13:33  Hatchery  
  188  13:36  Baneling x5  
  188  13:37  Baneling x11  
  185  13:44  Corruptor  
  185  13:45  Corruptor  
  176  14:04  Drone x5  
  176  14:08  Corruptor x3  
  176  14:09  Corruptor  
  188  14:15  Drone x4  
  188  14:16  Drone x2  
  194  14:23  Zergling x14, Hatchery  
  193  14:35  Zergling x12  
  199  14:41  Zerg Flyer Weapons Level 2  
  195  14:54  Drone x5  
  195  14:56  Overlord x2  
  199  15:06  Baneling x14  
  197  15:07  Zergling x4  
  197  15:18  Corruptor x2  
  197  15:24  Drone x3  
  195  15:35  Zergling x2  
  195  15:36  Zergling x6  
  191  15:45  Zergling x18  
  196  15:52  Zergling x10  
  198  15:58  Overlord  
  198  16:00  Zerg Missile Weapons Level 1  
  198  16:03  Baneling x22  
  196  16:12  Zergling x10  
  196  16:16  Overseer x2  
  196  16:17  Overseer  
  197  16:27  Extractor  
  197  16:29  Extractor  
  195  16:36  Burrow  
  195  16:38  Drone x3  
  195  16:39  Drone x2  
  200  16:40  Drone  
  200  16:46  Drone x3  
  194  16:56  Zergling x10  
  194  16:58  Zerg Flyer Armor Level 1  
  199  17:01  Baneling  
  199  17:02  Baneling x6  
  199  17:05  Zergling x2  
  198  17:11  Zergling x8  
  188  17:25  Ultralisk x4  
  188  17:29  Zergling x18  
  192  17:46  Baneling x7  
  192  17:47  Zergling x26, Baneling x6  
  199  17:56  Baneling x9  
  199  17:57  Baneling  
  199  17:59  Zergling x2  
  194  18:06  Zergling x14  
  192  18:14  Baneling x30  
  192  18:15  Zergling x18  
  197  18:29  Zergling x2  
  197  18:30  Zergling x12  
  186  18:36  Zergling x26  
  189  18:43  Ultralisk x3  
  189  18:45  Zergling x6  
  194  18:58  Zergling x12  
  190  19:10  Corruptor x4  
  198  19:31  Hatchery  
  197  19:33  Hatchery  
  197  19:34  Zergling x6  
  199  19:39  Hatchery  
  189  19:51  Zergling x20  
  189  19:52  Zergling x18  
  172  20:01  Zergling x8  
  172  20:02  Zergling x2  
  172  20:04  Baneling  
  175  20:10  Zergling x12  
  175  20:11  Baneling x14  
  181  20:17  Zergling x10  
  183  20:27  Zergling x10  
  160  20:45  Pathogen Glands  
  153  20:55  Hatchery  
  149  21:00  Drone x5  
  154  21:07  Overseer x2  
  146  21:44  Infestor x9  
  146  21:46  Hatchery  
  150  21:59  Drone x4  
  150  22:00  Infestor x3  
  150  22:01  Infestor  
  157  22:03  Baneling x7  
  157  22:06  Infestor x7, Zergling x12  
  163  22:20  Infestor  
  163  22:22  Zergling x18  
  172  22:50  Zergling x26  
  147  23:22  Ultralisk x2, Hatchery  
  147  23:24  Infestor  
  152  23:47  Baneling x4  
  152  23:50  Infestor  
  152  23:54  Baneling x2  
  152  23:55  Baneling x8  
  98  24:41  Zergling x26  
  95  24:52  Zergling x10  
  71  25:18  Infestor  
  71  25:19  Infestor x5  
  75  25:36  Infestor x2  
  83  26:01  Baneling  
  83  26:02  Baneling x4  
  83  26:06  Ultralisk  
  85  26:16  Hatchery  
  84  26:28  Hatchery  
  83  26:37  Ultralisk  
  89  26:42  Infestor x4  
  89  26:55  Ultralisk  
  95  27:02  Infestor, Zergling x6  
  95  27:03  Zergling x4  
  89  27:24  Ultralisk  
  95  27:41  Infestor  
  95  27:43  Baneling x3  
  95  27:57  Ultralisk  
  87  28:09  Zergling x14  
  94  28:19  Overseer  
  94  28:22  Zergling x10  
  99  28:33  Ultralisk  
  92  28:40  Zergling x6  
  80  28:43  Infestor  
  73  28:48  Zergling x2  
  73  28:49  Zergling x4  
  73  28:51  Zergling x2  
  77  28:57  Zergling x2  
  77  28:58  Zergling x4  
  79  29:05  Zergling x8  
  79  29:09  Zergling x2  
  82  29:10  Zergling x2  
  82  29:16  Zergling x2  
  82  29:17  Zergling x2  
  68  29:25  Zergling x4  
  65  29:33  Zergling x8  
  57  29:52  Zergling x12  
  61  30:00  Zergling x6  
  61  30:03  Zergling x4  
  61  30:14  Zergling x10  
  59  30:33  Overseer x2  
  59  30:35  Zergling x4  
  59  30:42  Zergling x2  
  61  30:43  Zergling x2  
  62  30:52  Zergling x4  
  57  31:04  Zergling x4  
  57  31:21  Baneling  
  57  31:32  Hatchery  
  56  31:44  Zergling x6  
  59  31:57  Zergling x2  
  59  31:58  Zergling x2  
  61  32:05  Extractor  
  60  32:16  Zergling x4  
  62  32:31  Baneling x3  
  60  32:55  Zergling x8  

Tags
 
Add a new tag
Caveats
  • Supply blocks, unpowered buildings, or Contaminate may cause inaccurate times.
  • Supply counts are checked every 10 seconds.